 Dungeon Crawl Stone Soup version 0.21-a0-229-g3587535 (webtiles) character file.

122 Spazmo the Digger (level 5, -9/28 HPs)
             Began as a Gargoyle Earth Elementalist on Sept 1, 2017.
             Killed from afar by Ijyb (11 damage)
             ... with a wand of acid (?/15)
             ... on level 3 of the Dungeon.
             The game lasted 00:14:57 (2538 turns).

Spazmo the Digger (Gargoyle Earth Elementalist)     Turns: 2538, Time: 00:14:58

Health: -9/28      AC:  4    Str: 15 (16) XL:     5   Next: 6%
Magic:  12/18      EV: 17    Int: 14 (17) God:
Gold:   102        SH:  0    Dex: 12 (15) Spells: 6/10 levels left

rFire    . . .     SeeInvis .   i - +0 short sword
rCold    . . .     Gourm    .   (no shield)
rNeg     + . .     Faith    .   c - +0 robe
rPois    ∞         Spirit   .   (no helmet)
rElec    +         Reflect  .   k - +0 cloak
rCorr    .         Harm     .   (no gloves)
MR       .....                  q - +0 pair of boots
Stlth    +++.......             r - amulet of regeneration
HPRegen  0.49/turn              v - ring of magical power
MPRegen  0.16/turn              (no ring)

@: mighty, agile, corroded, very slightly contaminated, invisible
A: negative energy resistance 1, electricity resistance, unbreathing,
petrification resistance, rot immunity, AC +4
a: no special abilities


You were on level 3 of the Dungeon.
You were not hungry.

You visited 1 branch of the dungeon, and saw 3 of its levels.

You collected 102 gold pieces.

Inventory:

Hand Weapons
 i - a +0 short sword (weapon)
Missiles
 b - 34 stones (quivered)
Armour
 c - a +0 robe (worn)
 k - a +0 cloak (worn)
 q - a +0 pair of boots (worn)
Jewellery
 r - an amulet of regeneration (around neck)
 v - a ring of magical power (left hand)
Scrolls
 g - 7 scrolls of teleportation
 h - 2 scrolls of recharging
 l - a scroll of enchant armour {unknown}
 m - a scroll of amnesia
 n - a scroll of identify
 o - a scroll of enchant weapon {unknown}
Potions
 f - a potion of curing
 p - a potion of might
Books
 e - a book of Geomancy

   Spells                             Type                      Level
   a - Sandblast                      Earth                        1
   b - Passwall                       Transmutation/Earth          2
   c - Stone Arrow                    Conjuration/Earth            3
   d - Petrify                        Transmutation/Earth          4
   e - Lee's Rapid Deconstruction     Earth                        5
 s - a book of the Earth

   Spells                             Type                      Level
   a - Leda's Liquefaction            Hexes/Earth                  4
   b - Bolt of Magma                  Conjuration/Fire/Earth       5
   c - Statue Form                    Transmutation/Earth          6
   d - Iron Shot                      Conjuration/Earth            6
   e - Shatter                        Earth                        9
 u - a book of Cantrips

   Spells                             Type                      Level
   a - Confusing Touch                Hexes                        1
   b - Animate Skeleton               Necromancy                   1
   c - Summon Small Mammal            Summoning                    1
   d - Apportation                    Translocation                1
Comestibles
 d - 2 bread rations
 w - 5 chunks of flesh


   Skills:
 + Level 0.0 Fighting
 - Level 2.0 Dodging
 + Level 2.9 Stealth
 * Level 3.0 Spellcasting
 * Level 1.2 Conjurations
   Level 0.7 Transmutations
 * Level 4.9 Earth Magic


You had 6 spell levels left.
You knew the following spells:

 Your Spells              Type           Power        Failure   Level  Hunger
a - Sandblast             Erth           ###...       2%          1    #......
b - Stone Arrow           Conj/Erth      ##....       19%         3    ###....


Dungeon Overview and Level Annotations

Branches:
Dungeon (3/15)

Altars:
Wu Jian

Annotations:
D:3 Ijyb


Innate Abilities, Weirdness & Mutations

You are resistant to torment.
Your stone body is resilient. (AC +4)
You are immune to poison.
You resist negative energy. (rN+)
You are resistant to electric shocks. (rElec)
You can survive without breathing.
You are immune to petrification.
You are immune to rotting.


Message History

Press: ? - help, Shift-Dir - straight line, f - Ijyb
Aim: Ijyb, wearing a leather armour and carrying a wand of acid (?/15) {zapped: 3} (fast)
The stone arrow hits Ijyb.
Ijyb is moderately wounded.
Ijyb misses you.
Casting: Stone Arrow
Confirm with . or Enter, or press ? or * to list all spells.
Aiming: Stone Arrow
Press: ? - help, Shift-Dir - straight line, f/p - Ijyb
Aim: Ijyb, wearing a leather armour and carrying a wand of acid (?/15) {zapped: 3} (moderately wounded, fast)
You miscast Stone Arrow.
Your skin tingles.
Ijyb misses you. Ijyb hits you.
* * * LOW HITPOINT WARNING * * *
It was a potion of agility.
You feel agile all of a sudden. Ijyb barely misses you.
It was a potion of degeneration.
There was something very wrong with that liquid.
You feel weakened.
You feel dopey.
You feel clumsy.
Ijyb zaps a wand.
The bolt of acid hits you!
You die...

#..#.#...#.#
####..#.#...#.#
......#.#...#.#
#####.#.#.. #.#
..†...#.# #.#
......#.# #.#
#####.#.# #.#
......#.#
#.########
####..#.#
#...@g...#
...#..#.#
######.###
......#.# #
...#.##.#
......#.#
#..####.#
#.......#
#.####### #.#


You could see Ijyb.

Vanquished Creatures
  Terence (D:3)
  A gnoll (D:1)
  An ooze (D:1)
  2 worms
  4 dart slugs
  2 leopard geckos (D:1)
  An orc (D:3)
  4 giant cockroaches
  5 goblins
  9 hobgoblins
  4 jackals (D:2)
  11 kobolds
  6 bats
  5 frilled lizards
  14 rats
70 creatures vanquished.

Notes
Turn   | Place    | Note
-------+----------+-------------------------------------------
     0 | D:1      | Spazmo the Gargoyle Earth Elementalist began the quest for the Orb.
     0 | D:1      | Reached XP level 1. HP: 10/10 MP: 3/3
   229 | D:1      | Reached XP level 2. HP: 15/15 MP: 3/5
   307 | D:1      | Reached skill level 4 in Earth Magic
   522 | D:1      | Reached XP level 3. HP: 19/19 MP: 4/6
   527 | D:1      | Learned a level 3 spell: Stone Arrow
  1092 | D:2      | Reached XP level 4. HP: 24/24 MP: 4/8
  1411 | D:2      | Found an ornate altar of the Wu Jian Council.
  2348 | D:3      | Noticed Terence
  2370 | D:3      | Killed Terence
  2370 | D:3      | Reached skill level 1 in Conjurations
  2370 | D:3      | Reached XP level 5. HP: 27/28 MP: 9/9
  2528 | D:3      | Noticed Ijyb
  2532 | D:3      | HP: 1/28 [acid (9)]
  2538 | D:3      | Killed from afar by Ijyb

Vault maps used:
D:1:      minmay_arrival_cross, serial_bayou_pond_b
D:2:      lemuel_coloured_pillars_altar, grunt_decor_arrowhead
D:3:      first_bread, uniq_ijyb, uniq_terence

Skill      XL: |  1  2  3  4 |
---------------+-------------+-----
Earth Magic    | 4 |  4.9
Dodging        | 2 |  2.0
Spellcasting   | 3 |  3.0
Conjurations   | 1 |  1.2
Stealth        | |  2.9
Transmutations | |  0.7

Action                   |  1- 3 |  4- 6 || total
-------------------------+-------+-------++-------
Melee: Short sword       |    80 |   120 ||   200
 Cast: Sandblast         |    27 |    12 ||    39
       Stone Arrow       |       |     1 ||     1
  Use: Potion            |     1 |     4 ||     5
       Scroll            |       |     7 ||     7
 Stab: Sleeping          |     4 |     2 ||     6
  Eat: Chunk             |     1 |     3 ||     4
       Bread ration      |       |     1 ||     1
Armor: Robe              |    28 |    46 ||    74
Dodge: Dodged            |    49 |    91 ||   140

Table legend:
 A = Spawn XP
 B = Non-spawn XP
 C = Spawn XP percentage of total XP
 D = Spawn monster count
 E = Non-spawn monster count
 F = Spawn count percentage of total count
 G = Total turns spent on level
                    A         B        C        D         E        F      G
               +---------+---------+-------+---------+---------+-------+---------
         Total |      11 |     164 |   6.3 |       6 |      64 |   8.6 |  2538
               +---------+---------+-------+---------+---------+-------+---------
           D:1 |      11 |      58 |  15.9 |       6 |      25 |  19.4 |   974
           D:2 |       0 |      45 |   0.0 |       0 |      27 |   0.0 |   711
           D:3 |       0 |      61 |   0.0 |       0 |      12 |   0.0 |   853
               +---------+---------+-------+---------+---------+-------+---------
